Map: [ESL] Inside and Out

Players

MaxPax - Winner!

  • Race: Protoss Protoss
  • Spawn Location: 7:00

ArT

  • Race: Protoss Protoss
  • Spawn Location: 1:00

Event: DreamHack SC2 Masters 2022 Atlanta (Online)

VOD

https://youtu.be/en8l2gy-53o?t=624

Description

Time

  • Played on: Sept. 30, 2022, 11:07 a.m.
  • Length: 8:53

All games in this series

Show
View Real Time Build Order
Export as new Build Order

MaxPax Protoss - Winner!

Build Orders: 1 Gate Expand, Proxy Void Ray 

Get SALT Encoding   

  12  0:00  Probe  
  13  0:12  Probe  
  14  0:19  Pylon  
  14  0:24  Probe  
  15  0:37  Gateway, Probe (Chrono Boost)  
  16  0:47  Assimilator  
  16  0:48  Probe (Chrono Boost)  
  17  0:52  Probe (Chrono Boost)  
  18  1:03  Probe  
  19  1:15  Probe  
  20  1:23  Nexus  
  20  1:34  Cybernetics Core  
  20  1:37  Probe  
  21  1:43  Assimilator  
  21  1:49  Probe  
  21  1:52  Pylon  
  22  2:02  Probe  
  23  2:11  Adept (Chrono Boost), Stargate  
  23  2:14  Probe  
  26  2:24  Warp Gate  
  26  2:26  Probe  
  27  2:34  Shield Battery  
  27  2:36  Stalker  
  29  2:39  Probe  
  29  2:42  Probe  
  31  2:59  Shield Battery  
  36  3:06  Void Ray (Chrono Boost)  
  36  3:12  Gateway  
  35  3:31  Void Ray (Chrono Boost)  
  39  3:35  Probe  
  39  3:40  Probe  
  37  3:48  Probe, Pylon  
  36  3:49  Shield Battery  
  36  3:54  Probe  
  39  4:00  Probe  
  38  4:09  Void Ray (Chrono Boost)  
  42  4:18  Probe x2  
  42  4:19  Stalker  
  46  4:27  Shield Battery  
  46  4:31  Stalker  
  46  4:45  Shield Battery  
  46  4:46  Gateway  
  46  4:48  Sentry  
  48  4:53  Shield Battery  
  48  5:00  Zealot  
  48  5:01  Probe  
  51  5:10  Gateway  
  51  5:12  Sentry  
  53  5:16  Pylon  
  52  5:22  Sentry  
  52  5:30  Probe  
  52  5:31  Probe  
  53  5:35  Shield Battery  
  53  5:38  Stalker  
  53  5:41  Zealot  
  53  5:54  Zealot  
  53  5:57  Probe  
  53  6:01  Sentry  
  53  6:02  Pylon  
  57  6:04  Zealot  
  57  6:05  Probe  
  59  6:12  Zealot  
  61  6:19  Sentry  
  61  6:21  Pylon  
  63  6:29  Zealot x2  
  63  6:30  Probe  
  65  6:45  Zealot  
  65  6:46  Zealot  
  68  6:48  Cybernetics Core  
  68  6:50  Zealot  
  68  6:58  Zealot  
  70  7:06  Zealot x2  
  66  7:15  Zealot  
  62  7:17  Probe x2  
  64  7:22  Zealot  
  64  7:24  Zealot  
  64  7:26  Sentry  
  70  7:35  Stalker  
  70  7:36  Sentry  
  72  7:40  Pylon  
  72  7:49  Sentry  
  72  7:50  Stalker  
  72  7:51  Probe  
  69  7:58  Stalker  
  69  8:00  Sentry  
  69  8:01  Probe  
  69  8:03  Probe  
  55  8:15  Zealot x2  
  55  8:16  Probe  
  55  8:17  Probe  
  61  8:23  Stalker  
  57  8:28  Probe  
Show
View Real Time Build Order
Export as new Build Order

ArT Protoss 

Build Orders:  

Get SALT Encoding   

  12  0:00  Probe  
  13  0:12  Probe  
  14  0:17  Pylon  
  14  0:24  Probe (Chrono Boost)  
  15  0:36  Gateway, Probe (Chrono Boost)  
  16  0:45  Probe (Chrono Boost)  
  16  0:47  Assimilator  
  17  0:51  Probe  
  17  0:56  Assimilator  
  18  1:03  Probe (Chrono Boost)  
  19  1:12  Gateway  
  19  1:13  Probe (Chrono Boost)  
  20  1:19  Probe  
  20  1:24  Cybernetics Core  
  21  1:31  Probe  
  22  1:37  Pylon  
  22  1:43  Probe  
  23  2:01  Adept x2  
  27  2:04  Robotics Facility  
  27  2:07  Warp Gate  
  27  2:15  Pylon  
  27  2:31  Stalker  
  31  2:41  Gateway  
  31  2:53  Warp Prism (Chrono Boost)  
  33  3:00  Shield Battery  
  33  3:03  Stalker  
  33  3:19  Pylon  
  33  3:25  Immortal  
  33  3:57  Stalker x3  
  33  3:59  Pylon  
  39  4:20  Stalker x3  
  45  4:27  Observer  
  46  4:42  Stalker x2  
  46  4:43  Stalker  
  52  4:54  Pylon  
  52  5:09  Stalker  
  52  5:12  Stalker  
  56  5:15  Stalker  
  58  5:35  Stalker x2  
  62  5:38  Pylon  
  56  5:59  Stalker x2  
  56  6:00  Sentry  
  60  6:23  Stalker x3  
  66  6:47  Stalker x2  
  64  6:48  Stalker  
  68  6:59  Pylon  
  64  7:19  Stalker x3  
  70  7:47  Stalker x2  
  64  8:00  Stalker  
  54  8:14  Stalker x2  
Tags
 
Add a new tag
Caveats
  • Supply blocks, unpowered buildings, or Contaminate may cause inaccurate times.
  • Supply counts are checked every 10 seconds.